 Dungeon Crawl Stone Soup version 0.26-a0-43-g20b394cb32 (webtiles) character file.

Game seed: 10374846015796012485

290660 jurb the Eclecticist (level 19, -8/78 HPs)
             Began as a Spriggan Enchanter on June 1, 2020.
             Was the Champion of Dithmenos.
             Mangled by a spriggan berserker
             ... wielding a +1 quarterstaff of protection
              (40 damage)
             ... on level 2 of the Depths on June 3, 2020.
             The game lasted 12:49:48 (92470 turns).

jurb the Eclecticist (Spriggan Enchanter)          Turns: 92470, Time: 12:49:49

Health: -8/78      AC:  4    Str: 13 (15) XL:     19   Next: 94%
Magic:  36/44      EV: 35    Int: 13 (17) God:    Dithmenos [******]
Gold:   3393       SH: 13    Dex: 32      Spells: 21/58 levels left

rFire    + + +     SeeInvis +   T - +5 dagger
rCold    + + .     Gourm    .   q - +3 buckler
rNeg     . . .     Faith    .   k - +2 robe "Vim Kiext" {+Fly Str+3}
rPois    .         Spirit   .   (helmet restricted)
rElec    +         Reflect  .   l - scarf {rC+ rF+}
rCorr    .         Harm     .   (gloves unavailable)
MR       ++++.     Clarity  +   (boots unavailable)
Stlth    ++++++++++             E - amulet "Peik" {RegenMP rElec Str+3 Slay-6}
HPRegen  0.23/turn              N - ring "Sumiurua" {*Drain rF++ rC+ Str+3}
MPRegen  0.54/turn              G - ring "Quasoux" {MR+ Str+2 Dex+6}

@: confusing touch, very slightly contaminated, wreathed by umbra, invisible,
very quick
A: very small, unfitting armour, thin skeletal structure 1, see invisible,
clarity, deterioration 1, herbivore, speed 3, slow metabolism 2, no potion heal
1, subdued magic 1
}: 2/15 runes: decaying, gossamer
a: Shadow Step, Shadow Form, Renounce Religion, Evoke Flight


You were on level 2 of the Depths.
You worshipped Dithmenos.
Dithmenos was exalted by your worship.
You were hungry.

You visited 10 branches of the dungeon, and saw 40 of its levels.
You also visited: Ossuary, Gauntlet and Ice Cave.

You collected 4974 gold pieces.
You spent 1581 gold pieces at shops.

Inventory:

Hand Weapons
 u - a +3 rapier of electrocution
 T - a +5 dagger (weapon)
Armour
 k - the +2 robe "Vim Kiext" (worn) {+Fly Str+3}
   (You found it on level 5 of the Dungeon)

   It affects your strength (+3).
   It lets you fly.
 l - a scarf of resistance (worn)
 q - a +3 buckler (worn)
Jewellery
 v - a +4 ring of evasion
 A - an uncursed ring of poison resistance
 E - the amulet "Peik" (around neck) {RegenMP rElec Str+3 Slay-6}
   (You found it on level 8 of the Dungeon)

   [amulet of magic regeneration]

   It increases your magic regeneration.
   It affects your strength (+3).
   It affects your accuracy and damage with ranged weapons and melee attacks
   (-6).
   It insulates you from electricity.
 G - the ring "Quasoux" (right hand) {MR+ Str+2 Dex+6}
   (You bought it in a shop on level 8 of the Dungeon)

   [ring of dexterity]

   It affects your strength (+2).
   It affects your dexterity (+6).
   It affects your resistance to hostile enchantments.
 H - an uncursed ring of protection from fire
 N - the ring "Sumiurua" (left hand) {*Drain rF++ rC+ Str+3}
   (You took it off a deep elf archer on level 1 of the Elven Halls)

   [ring of protection from cold]

   It affects your strength (+3).
   It greatly protects you from fire.
   It protects you from cold.
   It causes draining when unequipped.
Wands
 o - a wand of disintegration (2)
 w - a wand of flame (48)
 R - a wand of clouds (5)
 V - a wand of acid (18)
 W - a wand of digging (7)
 Z - a wand of paralysis (10)
Scrolls
 a - a scroll of identify
 b - 7 scrolls of immolation
 c - 7 scrolls of blinking
 g - 9 scrolls of amnesia
 h - 10 scrolls of remove curse
 j - 4 scrolls of fear
 n - 10 scrolls of teleportation
 p - 12 scrolls of noise
 r - 3 scrolls of vulnerability
 t - 6 scrolls of enchant weapon
 y - 2 scrolls of silence
 B - 8 scrolls of enchant armour
 I - a scroll of summoning
 J - a scroll of torment
 K - 8 scrolls of magic mapping
 O - 4 scrolls of fog
 Q - a scroll of holy word
Potions
 e - 7 potions of curing
 i - 2 potions of flight
 m - 4 potions of berserk rage
 s - 2 potions of resistance
 x - 4 potions of invisibility
 z - a potion of magic
 C - 7 potions of haste
 D - 5 potions of cancellation
 F - 7 potions of ambrosia
 L - 7 potions of brilliance
 M - 4 potions of lignification
 P - 5 potions of mutation
 U - 2 potions of stabbing
 X - 3 potions of might {unknown}
Comestibles
 d - 14 rations


   Skills:
 - Level 10.0 Short Blades
 + Level 13.7 Dodging
 + Level 17.7 Stealth
 - Level 7.2 Shields
 * Level 20.3 Spellcasting
 + Level 20.0 Hexes
 - Level 8.0 Translocations
 - Level 0.6 Ice Magic
 * Level 12.1 Earth Magic
 - Level 10.0 Invocations
 - Level 10.1 Evocations


You had 21 spell levels left.
You knew the following spells:

 Your Spells              Type           Power        Failure   Level  Hunger
a - Corona                Hex            ######.      0%          1    None
b - Ensorcelled Hibernat  Hex/Ice        ####..       1%          2    None
c - Confusing Touch       Hex            ######..     0%          3    None
d - Blink                 Tloc           N/A          1%          2    None
e - Dazzling Flash        Conj/Hex       ####..       1%          3    None
f - Petrify               Tmut/Erth      ###.....     2%          4    None
g - Passwall              Tmut/Erth      ###.....     1%          2    None
h - Invisibility          Hex            ######..     1%          6    #####..
i - Darkness              Hex            ######....   1%          6    #####..
j - Lee's Rapid Deconstr  Erth           ####......   1%          5    ####...
k - Stone Arrow           Conj/Erth      ###...       1%          3    None

Your spell library contained the following spells:

 Spells                   Type           Power        Failure   Level  Hunger
 Sandblast                Erth           ####..       0%          1    None
 Slow                     Hex            ######..     0%          2    None
 Tukima's Dance           Hex            ######..     0%          3    None
 Gell's Gravitas          Tloc           ####......   1%          3    None
 Recall                   Summ/Tloc      N/A          1%          3    None
 Summon Guardian Golem    Hex/Summ       ####....     1%          3    None
 Passage of Golubria      Tloc           N/A          1%          4    None
 Metabolic Englaciation   Hex/Ice        ####......   1%          5    ####...
 Summon Mana Viper        Hex/Summ       ####....     1%          5    ####...
 Yara's Violent Unravell  Hex/Tmut       ####......   1%          5    ####...
 Magic Dart               Conj           ##..         2%          1    None
 Shock                    Conj/Air       ##..         2%          1    None
 Sting                    Tmut/Pois      ##..         2%          1    None
 Summon Small Mammal      Summ           ##..         2%          1    None
 Call Imp                 Summ           ##......     4%          2    None
 Corpse Rot               Necr/Air       N/A          4%          2    None
 Swiftness                Chrm/Air       ##......     4%          2    None
 Borgnjor's Vile Clutch   Necr/Erth      ###.......   7%          5    ####...
 Call Canine Familiar     Summ           ##......     10%         3    None
 Conjure Flame            Conj/Fire      ##......     10%         3    None
 Ignite Poison            Fire/Tmut/Pois ##......     10%         3    None
 Mephitic Cloud           Conj/Pois/Air  ##......     10%         3    None
 Static Discharge         Conj/Air       ##......     10%         3    None
 Summon Ice Beast         Ice/Summ       ##......     30%         4    None
 Animate Dead             Necr           N/A          32%         4    None
 Dispel Undead            Necr           ##......     32%         4    None
 Summon Lightning Spire   Summ/Air       ##......     32%         4    None
 Excruciating Wounds      Chrm/Necr      ##........   67%         5    ####...
 Lightning Bolt           Conj/Air       ##........   67%         5    ####...
 Death Channel            Necr           ##........   99%         6    #####..
 Simulacrum               Ice/Necr       ##........   99%         6    #####..
 Dragon Form              Tmut           ##........   100%        7    #######
 Ignition                 Fire           ##........   100%        8    #######
 Shatter                  Erth           ####......   100%        9    #######
 Tornado                  Air            ##........   100%        9    #######


Dungeon Overview and Level Annotations

Branches:
Dungeon (15/15)            Temple (1/1) D:6            Lair (6/6) D:10
  Swamp (4/4) Lair:4       Spider (4/4) Lair:4        Slime (1/5) Lair:6
    Orc (2/2) D:9             Elf (3/3) Orc:2        Vaults (2/5) D:13
  Crypt (0/3) Vaults:2     Depths (2/5) D:15        Ossuary (visited)
  IceCv (visited)         Gauntlet (visited)

Altars:
Ashenzari
Cheibriados
Dithmenos
Elyvilon
Fedhas
Gozag
Hepliaklqana
Kikubaaqudgha
Makhleb
Nemelex Xobeh
Okawaru
Qazlal
Ru
Sif Muna
Trog
Uskayaw
Vehumet
Wu Jian
Xom
Yredelemnul
Zin
The Shining One
Beogh

Shops:
D:8 =   D:9 =   Orc:2 *([:   Elf:3 [   Depths:1 }

Portals:
Hell: Depths:1
Ziggurat: Depths:1

Annotations:
Swamp:1 1 runed translucent door, Buleb's ghost, adept GnFi
Spider:2 Riubih's ghost, adept OgTm
Elf:2 3 runed translucent doors


Innate Abilities, Weirdness & Mutations

You are very small and have problems with some larger weapons.
You are too small for most types of armour.
You have supernaturally acute eyesight. (SInv)
You are a herbivore.
You cover ground extremely quickly.
You need to consume almost no food.
You have a somewhat thin skeletal structure. (Dex +2, Stealth)
You possess an exceptional clarity of mind.
Your body sometimes deteriorates upon taking damage.
Potions are less effective at restoring your health.
Your spells are a little easier to cast, but a little less powerful.


Message History

You hear a bellow!
You hear a trumpeting!
The spriggan berserker rages.
The spriggan berserker completely misses you.
Press: ? - help, v - describe, . - travel
Here: a spriggan berserker, wielding a +1 quarterstaff of protection and wearing a cursed +0 animal skin (berserk, chance to confuse on hit: 3%, umbra)
The floor.
Unknown command.
Unknown command.
Casting: Confusing Touch (safe; 0% risk of failure)
Confirm with . or Enter, or press ? or * to list all spells.
You blink.
You hear a bellow!
You block the spriggan berserker's attack.
You hear a trumpeting!
Casting: Blink (safe; 1% risk of failure)
Confirm with . or Enter, or press ? or * to list all spells.
You blink.
The spriggan berserker hits you with a +1 quarterstaff of protection!!!
Ouch! That really hurt!
You die...

#################################
#..##.#.##§#..#.@##>..##.#.##..#†
.....†.#.§§#§§.##i##.####.#.†##†#
...###.†.##§#..##§.§## #####.##.
.###*################********####
##<,,,,,,,,,,,,,,,,,,,,,,,,,,,,,,
*,,,,,,,,,,,,,,,,,,,,,,,,,,,,,,,
*,,,,,,,,,,,,,,,,,,,,,,,,,,,,,,,
**,,,,,**************************
.*,,,,,*,,,,,,,,,,,,,,,,,,,,,,,,,


You could see a spriggan berserker (berserk).

Vanquished Creatures
  Bai Suzhen (Spider:3)
  Nikola (Swamp:1)
  Arachne (Spider:4)
  A thorn hunter (Swamp:4)
  A shadow dragon (Depths:2)
  A fire giant (D:15)
  A frost giant (IceCv)
  The ghost of Niciuzeiz the Eclecticist, an adept DgWz (Spider:2)
  3 orc warlords
  4 vault wardens (Vaults:1)
  Aizul (Elf:1)
  5 emperor scorpions
  6 ghost moths
  A deep elf elementalist (Elf:3)
  3 very ugly things
  2 ironheart preservers (Vaults:1)
  3 stone giants
  2 vampire knights
  2 entropy weavers
  A dire elephant (Lair:4)
  5 spark wasps
  Azrael (Spider:2)
  A minotaur (Gauntlet)
  Snorg (Lair:3)
  4 ettins
  A merfolk javelineer (Depths:2)
  2 merfolk impalers (Depths:2)
  8 fire dragons
  A yaktaur captain (Vaults:1)
  The ghost of Kiguq the Genius of the Arcane, a journeyman VSSu of Sif Muna (Lair:5)
  A hydra (shapeshifter) (D:14)
  A great orb of eyes (Depths:1)
  5 vault guards
  4 ogre magi
  2 shambling mangroves
  20 hydras
  3 rakshasas
  2 ice dragons (Depths:2)
  A ghost crab (Swamp:3)
  17 alligators
  3 deep troll shamans (Depths:2)
  3 centaur warriors
  A vampire mage (Depths:1)
  3 orc high priests
  13 two-headed ogres
  3 death yaks (Lair:3)
  A deep troll earth mage (Depths:1)
  13 dancing weapons
  A spriggan berserker (Depths:2)
  Sonja (Lair:3)
  15 deep elf knights
  3 iron trolls (Depths:2)
  A flayed ghost (D:10)
  An unseen horror (shapeshifter) (Depths:1)
  A spriggan druid (Swamp:3)
  3 unseen horrors
  6 deep trolls (Depths:2)
  17 deep elf archers
  A lindwurm (Swamp:4)
  13 swamp dragons
  A wizard (D:14)
  45 deep elf magi
  4 orc sorcerers
  8 orc knights
  An ironbrand convoker (Vaults:1)
  A wolf spider zombie (D:13)
  13 orb spiders
  25 wolf spiders
  33 ugly things
  A shining eye (shapeshifter) (D:10)
  3 manticores
  3 cyclopes
  4 moths of wrath
  A salamander (Depths:1)
  14 elephants (Lair:4)
  2 ice statues (IceCv)
  2 centaur zombies
  A smoke demon (Depths:1)
  3 black mambas
  A torpor snail (Lair:6)
  17 spiny frogs
  A rime drake (shapeshifter) (D:15)
  5 komodo dragons
  5 rime drakes
  5 yaktaurs (Vaults:1)
  16 demonic crawlers
  2 red devils (Depths:1)
  A tengu conjurer (Depths:1)
  27 polar bears
  9 tyrant leeches
  11 trolls
  24 hornets
  A queen bee (Depths:2)
  Grinder (D:5)
  19 slime creatures
  19 jumping spiders
  A raiju (Lair:6)
  17 dream sheep
  13 blink frogs
  8 bog bodies
  A blink frog (shapeshifter) (Vaults:1)
  13 hippogriffs
  A vampire (D:12)
  40 redbacks
  6 wyverns
  8 spriggans
  5 water elementals
  3 air elementals
  17 tarantellas
  Sigmund (D:4)
  4 fire bats (Swamp:4)
  2 shadows
  3 wraiths
  20 yaks
  6 fire elementals
  7 basilisks
  2 hungry ghosts
  4 steam dragons
  15 wargs
  A soldier ant (D:11)
  21 vampire mosquitoes
  4 acid dragons
  6 insubstantial wisps (Swamp:2)
  Edmund (D:4)
  23 swamp worms
  19 hell hounds
  An acid dragon (shapeshifter) (Elf:2)
  4 porcupines
  12 water moccasins
  15 swamp drakes
  7 ice beasts
  46 orc warriors
  8 sky beasts
  12 black bears
  A black bear (shapeshifter) (D:14)
  A necrophage (D:8)
  18 ogres
  5 phantoms
  34 wolves
  7 centaurs
  13 crocodiles
  5 big kobolds
  3 earth elementals
  20 bullfrogs
  A wyvern skeleton (D:15)
  5 scorpions
  4 water moccasin zombies (Ossuary)
  39 killer bees
  4 wights (D:10)
  2 howler monkeys
  2 electric eels (D:12)
  9 crimson imps
  A bullfrog zombie (D:7)
  A quasit (D:13)
  A lava snake (Swamp:4)
  3 hounds
  6 jellies
  26 orc priests
  30 orc wizards
  3 bullfrog skeletons
  5 centaur skeletons
  5 iguanas
  6 worker ants
  4 big kobold zombies (Ossuary)
  3 hound zombies
  2 mummies (Ossuary)
  3 gnolls (D:2)
  6 adders
  A howler monkey skeleton (D:7)
  4 shadow imps
  12 white imps (D:13)
  A worm zombie (D:8)
  3 adder zombies (Ossuary)
  2 worms (D:2)
  3 dart slugs
  2 leopard geckos
  90 orcs
  12 bats
  2 bat zombies (D:1)
  3 giant cockroaches
  7 gnoll zombies
  11 hobgoblins
  6 jackals
  7 quokkas
  2 ball pythons
  5 frilled lizards
  A giant cockroach zombie (D:6)
  13 goblins
  A jackal skeleton (D:8)
  21 kobolds
  9 kobold zombies
  A leopard gecko skeleton (D:4)
  2 orc zombies (Ossuary)
  A quokka zombie (D:5)
  8 rats
  A rat zombie (D:8)
1440 creatures vanquished.

Vanquished Creatures (collateral kills)
  An air elemental (Elf:1)
  A redback (Spider:4)
2 creatures vanquished.

Vanquished Creatures (others)
  An entropy weaver (Spider:3)
  A swamp dragon (Swamp:4)
  2 lindwurms (Swamp:4)
  2 deep elf magi (Elf:1)
  2 steam dragons (Swamp:4)
  A swamp worm (Swamp:4)
  5 swamp drakes (Swamp:4)
  A wolf (IceCv)
  2 orcs (Orc:2)
  70 fungi
  44 plants
131 creatures vanquished.

Grand Total: 1573 creatures vanquished

Notes
Turn   | Place    | Note
-------+----------+-------------------------------------------
     0 | D:1      | jurb the Spriggan Enchanter began the quest for the Orb.
     0 | D:1      | Reached XP level 1. HP: 9/9 MP: 5/5
   617 | D:1      | Reached XP level 2. HP: 13/13 MP: 4/7
   621 | D:1      | Learned a level 2 spell: Ensorcelled Hibernation
  2027 | D:1      | Reached XP level 3. HP: 13/16 MP: 0/8
  3372 | D:2      | Learned a level 3 spell: Confusing Touch
  3384 | D:2      | Found a sacrificial altar of Ru.
  3518 | D:2      | Reached skill level 5 in Stealth
  3518 | D:2      | Reached XP level 4. HP: 21/21 MP: 7/10
  3994 | D:3      | Noticed an ogre
  4059 | D:3      | Killed an ogre
  4059 | D:3      | Reached skill level 5 in Hexes
  4059 | D:3      | Reached XP level 5. HP: 24/24 MP: 0/12
  4531 | D:3      | Found a snail-covered altar of Cheibriados.
  5060 | D:3      | Found an opulent altar of Gozag.
  5477 | D:4      | Noticed Sigmund
  5662 | D:4      | Found a shimmering altar of Xom.
  5665 | D:4      | Found a shattered altar of Ashenzari.
  5668 | D:4      | Found a burning altar of Makhleb.
  5676 | D:4      | Found a shadowy altar of Dithmenos.
  5680 | D:4      | Became a worshipper of Dithmenos the Shadowed
  5792 | D:4      | Noticed a phantom
  5821 | D:4      | Noticed Edmund
  5873 | D:4      | Killed Edmund
  5873 | D:4      | Reached skill level 5 in Spellcasting
  5873 | D:4      | Reached XP level 6. HP: 28/28 MP: 3/14
  6379 | D:5      | Entered Level 5 of the Dungeon
  6383 | D:5      | Got an opalescent robe
  6394 | D:5      | Identified the +2 robe "Vim Kiext" {+Fly Str+3} (You found
                  | it on level 5 of the Dungeon)
  7172 | D:5      | Noticed a sky beast
  7183 | D:5      | Killed a sky beast
  7183 | D:5      | Reached XP level 7. HP: 32/32 MP: 13/16
  7192 | D:5      | Found an ornate altar of the Wu Jian Council.
  7684 | D:5      | Noticed Grinder
  8079 | D:6      | Noticed a +3 hand axe
  8079 | D:6      | Noticed a +0 dagger
  8099 | D:6      | Found a hide-covered altar of Uskayaw.
  8389 | D:6      | Found a hazy altar of Hepliaklqana.
  8575 | D:6      | Found a staircase to the Ecumenical Temple.
  8590 | Temple   | Entered the Ecumenical Temple
  8889 | D:6      | Noticed a steam dragon
  9123 | D:7      | Reached XP level 8. HP: 36/36 MP: 16/19
  9635 | D:7      | Found a basalt altar of Yredelemnul.
  9712 | D:7      | Reached * piety under Dithmenos
  9819 | D:7      | Noticed a cyclops
  9991 | D:8      | Found Duocuw's Jewellery Emporium.
 10184 | D:8      | Found a sand-covered staircase.
 10192 | D:8      | Reached skill level 5 in Short Blades
 10204 | Ossuary  | Entered an ossuary
 10426 | Ossuary  | Reached skill level 1 in Evocations
 10715 | Ossuary  | Reached ** piety under Dithmenos
 10720 | Ossuary  | Reached XP level 9. HP: 39/39 MP: 14/22
 10937 | D:8      | Got a shimmering steel amulet
 11026 | D:8      | Noticed a two-headed ogre
 11028 | D:8      | Identified the amulet "Peik" {RegenMP rElec Str+3 Slay-6}
                  | (You found it on level 8 of the Dungeon)
 11063 | D:8      | Killed a two-headed ogre
 12139 | D:5      | Killed Grinder
 12139 | D:5      | Reached skill level 10 in Hexes
 12494 | D:4      | Killed Sigmund
 12494 | D:4      | Reached skill level 10 in Stealth
 13642 | D:8      | Reached XP level 10. HP: 44/44 MP: 24/24
 13812 | D:9      | Found a staircase to the Orcish Mines.
 14095 | D:9      | Reached *** piety under Dithmenos
 14183 | D:9      | Found a shimmering blue altar of Sif Muna.
 14188 | D:9      | Reached skill level 10 in Spellcasting
 14322 | D:9      | Reached skill level 5 in Dodging
 14547 | D:9      | Found Citz's Jewellery Shop.
 14915 | D:10     | Entered Level 10 of the Dungeon
 15115 | D:10     | Identified the Volume of Contamination and Evil
 17356 | D:10     | Reached **** piety under Dithmenos
 17927 | D:12     | Noticed a deep elf mage
 18206 | D:11     | Noticed an unseen horror
 18397 | D:10     | Reached XP level 11. HP: 47/47 MP: 24/26
 18436 | D:10     | Found a staircase to the Lair.
 18463 | Lair:1   | Entered Level 1 of the Lair of Beasts
 18611 | Lair:1   | Noticed a seven-headed hydra
 18618 | Lair:1   | Killed a seven-headed hydra
 20054 | Lair:3   | Reached skill level 1 in Shields
 20097 | Lair:3   | Noticed a death yak
 20167 | Lair:3   | Learned a level 2 spell: Blink
 20171 | Lair:3   | Learned a level 3 spell: Dazzling Flash
 20176 | Lair:3   | Learned a level 4 spell: Petrify
 20408 | Lair:2   | Reached skill level 1 in Translocations
 20942 | Lair:4   | Reached skill level 1 in Earth Magic
 21247 | Lair:4   | Noticed a dire elephant
 21669 | Lair:4   | Killed a dire elephant
 21681 | Lair:4   | Reached ***** piety under Dithmenos
 21681 | Lair:4   | Reached skill level 15 in Stealth
 21681 | Lair:4   | Reached XP level 12. HP: 51/51 MP: 16/28
 21857 | Lair:4   | Noticed a five-headed hydra
 22276 | Lair:4   | Killed a five-headed hydra
 22345 | Lair:4   | Reached skill level 1 in Invocations
 22544 | Lair:5   | Noticed a seven-headed hydra
 22553 | Lair:5   | Killed a seven-headed hydra
 22649 | Lair:5   | Reached skill level 5 in Translocations
 22659 | Lair:6   | Entered Level 6 of the Lair of Beasts
 22823 | Lair:5   | Found a runed translucent gate.
 22827 | Lair:5   | Found a runed translucent gate.
 22827 | Lair:5   | Found a runed translucent gate.
 22836 | Lair:5   | Noticed Kiguq's ghost (journeyman VSSu)
 23178 | Lair:6   | Found a gate leading to a gauntlet.
 23192 | Gauntlet | Entered a Gauntlet
 23192 | Gauntlet | Found a transporter.
 23192 | Gauntlet | Found a transporter.
 23195 | Gauntlet | Found a transporter.
 23218 | Gauntlet | Found a transporter.
 23225 | Gauntlet | Noticed a tengu warrior
 23226 | Gauntlet | Found a transporter.
 23229 | Gauntlet | Found a transporter.
 23241 | Gauntlet | Found a transporter.
 23249 | Gauntlet | Noticed a green death
 23259 | Gauntlet | Found a transporter.
 23277 | Gauntlet | Found a transporter.
 23277 | Gauntlet | Found a transporter.
 23282 | Gauntlet | Noticed a death scarab
 23286 | Gauntlet | Found a transporter.
 23289 | Gauntlet | Found a transporter.
 23476 | Gauntlet | Learned a level 2 spell: Passwall
 23830 | Gauntlet | Got a heavily runed sapphire amulet
 23836 | Gauntlet | Identified the amulet of Pyesazey {RegenMP rF- MR+ Int+2}
                  | (You found it in a Gauntlet)
 23887 | Gauntlet | Identified the +7 trident "Ytemnim" {vamp, rElec Str+4
                  | Int-4}
 23887 | Gauntlet | Noticed a minotaur
 23896 | Gauntlet | Killed a minotaur
 23982 | Lair:6   | Found a staircase to the Slime Pits.
 24122 | Lair:6   | Noticed a four-headed hydra
 24131 | Lair:6   | Killed a four-headed hydra
 24451 | Lair:6   | Reached skill level 10 in Dodging
 24570 | Lair:6   | Noticed an eight-headed hydra
 24583 | Lair:6   | Reached XP level 13. HP: 55/55 MP: 30/30
 25236 | Lair:3   | Noticed Snorg
 25243 | Lair:3   | Killed Snorg
 25315 | Lair:4   | Found a staircase to the Swamp.
 25477 | Lair:4   | Found a hole to the Spider Nest.
 26450 | Swamp:1  | Entered Level 1 of the Swamp
 26477 | Swamp:1  | Reached skill level 10 in Short Blades
 26649 | Spider:1 | Entered Level 1 of the Spider Nest
 26757 | Spider:1 | Noticed an emperor scorpion
 26776 | Spider:1 | Killed an emperor scorpion
 26843 | Spider:1 | Noticed a ghost moth
 27068 | Spider:1 | Reached skill level 5 in Earth Magic
 27110 | Spider:1 | Reached ****** piety under Dithmenos
 27198 | Spider:1 | Noticed an entropy weaver
 28191 | D:10     | Reached skill level 5 in Invocations
 28582 | D:10     | Found the +10 dark maul {vorpal}
 28956 | D:11     | Reached XP level 14. HP: 59/59 MP: 31/31
 30191 | Orc:1    | Entered Level 1 of the Orcish Mines
 30753 | Swamp:1  | Found a runed translucent door.
 30839 | Swamp:1  | Noticed Buleb's ghost (adept GnFi)
 30839 | Swamp:1  | Identified the +5 trident of Dawn {drain, +Fly}
 30849 | Swamp:1  | Noticed Nikola
 30850 | Swamp:1  | Reached skill level 5 in Shields
 32281 | Spider:1 | Learned a level 6 spell: Invisibility
 32288 | Spider:1 | Learned a level 6 spell: Darkness
 33072 | Spider:2 | Noticed Azrael
 33455 | Spider:2 | Found a runed translucent gate.
 33455 | Spider:2 | Found a runed translucent gate.
 33455 | Spider:2 | Found a runed translucent gate.
 33456 | Spider:2 | Noticed Niciuzeiz's ghost (adept DgWz)
 33457 | Spider:2 | Noticed Riubih's ghost (adept OgTm)
 34323 | Slime:1  | Entered Level 1 of the Pits of Slime
 34323 | Slime:1  | Noticed an acid blob
 34326 | Slime:1  | Gained mutation: You have a somewhat thin skeletal
                  | structure. (Dex +2, Stealth) [a shining eye]
 34328 | Slime:1  | Gained mutation: You occasionally shout uncontrollably at
                  | your foes. [a shining eye]
 38737 | Lair:6   | Reached XP level 15. HP: 63/63 MP: 30/33
 39660 | D:9      | Reached skill level 15 in Hexes
 40734 | Orc:2    | Entered Level 2 of the Orcish Mines
 40743 | Orc:2    | Noticed an orc warlord
 40751 | Orc:2    | Noticed an orc warlord
 41308 | Orc:1    | Killed an orc warlord
 42001 | Orc:1    | Killed an orc warlord
 42346 | Orc:2    | Found a roughly hewn altar of Beogh.
 42842 | Orc:2    | Found a staircase to the Elven Halls.
 43210 | Orc:2    | Found Ahuryes's Antique Weapon Emporium.
 43250 | Orc:2    | Found Lumoro Kelekk's General Store.
 43266 | Orc:2    | Found Ciopt's Antique Armour Emporium.
 43282 | Orc:2    | Found Ujupon's Book Emporium.
 43811 | D:8      | Bought the ring "Quasoux" {MR+ Str+2 Dex+6} for 1054 gold
                  | pieces
 44228 | D:11     | Identified a scroll of acquirement
 45316 | D:13     | Found a shimmering altar of Xom.
 45316 | D:13     | Found a shimmering altar of Xom.
 45316 | D:13     | Found a shimmering altar of Xom.
 45316 | D:13     | Found a shimmering altar of Xom.
 45316 | D:13     | Found a shimmering altar of Xom.
 45317 | D:13     | Found a shimmering altar of Xom.
 45319 | D:13     | Found a shimmering altar of Xom.
 45319 | D:13     | Found a shimmering altar of Xom.
 45319 | D:13     | Found a shimmering altar of Xom.
 45379 | D:13     | Found a frozen archway.
 45478 | IceCv    | Entered an ice cave
 45804 | IceCv    | Noticed a frost giant
 47029 | IceCv    | Killed a frost giant
 47636 | D:13     | Found a gate to the Vaults.
 49028 | D:14     | Found a shadowy altar of Dithmenos.
 49819 | D:15     | Entered Level 15 of the Dungeon
 49835 | D:15     | Found an ornate altar of the Wu Jian Council.
 50522 | D:14     | Reached XP level 16. HP: 67/67 MP: 31/35
 50536 | D:14     | Upgraded the game from 0.26-a0-40-gfe7b5d5a6f to
                  | 0.26-a0-43-g20b394cb32
 51367 | Elf:1    | Entered Level 1 of the Elven Halls
 51658 | Elf:1    | Identified the ring "Sumiurua" {*Drain rF++ rC+ Str+3}
 51876 | Elf:1    | Reached skill level 15 in Spellcasting
 52236 | Elf:1    | Gained mutation: Your spells are a little easier to cast,
                  | but a little less powerful. [mutagenic glow]
 52713 | Elf:1    | Noticed Aizul
 53217 | Elf:1    | Gained mutation: You are occasionally teleported next to
                  | monsters. [mutagenic glow]
 53267 | Orc:2    | Gained mutation: Potions are less effective at restoring
                  | your health. [mutagenic glow]
 53337 | Orc:2    | Gained mutation: Your magical capacity is low. (-10% MP)
                  | [mutagenic glow]
 53648 | D:13     | Lost mutation: You occasionally shout uncontrollably at
                  | your foes. [potion of mutation]
 53648 | D:13     | Lost mutation: You are occasionally teleported next to
                  | monsters. [potion of mutation]
 53648 | D:13     | Lost mutation: Your magical capacity is low. (-10% MP)
                  | [potion of mutation]
 53648 | D:13     | Gained mutation: Your body sometimes deteriorates upon
                  | taking damage. [potion of mutation]
 53648 | D:13     | Gained mutation: You possess an exceptional clarity of
                  | mind. [potion of mutation]
 54617 | D:15     | Found a staircase to the Depths.
 54754 | D:15     | Found a glowing golden altar of the Shining One.
 55938 | Lair:3   | Noticed Sonja
 55966 | Lair:3   | Killed Sonja
 56547 | Lair:5   | Killed Kiguq's ghost
 57320 | Spider:2 | Killed Azrael
 57706 | Spider:2 | Reached skill level 10 in Invocations
 58738 | Spider:2 | Learned a level 5 spell: Lee's Rapid Deconstruction
 58752 | Spider:2 | Killed Niciuzeiz's ghost
 58861 | Spider:2 | Learned a level 3 spell: Stone Arrow
 60676 | Spider:3 | Reached XP level 17. HP: 70/70 MP: 30/38
 60784 | Spider:3 | Reached skill level 5 in Evocations
 61035 | Spider:4 | Entered Level 4 of the Spider Nest
 61106 | Spider:4 | Noticed Bai Suzhen
 61552 | Spider:3 | Killed Bai Suzhen
 61709 | Spider:2 | HP: 2/70 [poisoned by a redback]
 62707 | Spider:4 | Noticed Arachne
 64278 | Spider:4 | Killed Arachne
 65834 | Spider:4 | Got a gossamer rune of Zot
 68828 | Swamp:3  | Reached skill level 10 in Earth Magic
 69207 | Swamp:3  | Reached XP level 18. HP: 54/74 MP: 38/41
 70816 | Swamp:4  | Entered Level 4 of the Swamp
 75363 | Swamp:4  | Got a decaying rune of Zot
 75982 | Swamp:1  | Killed Nikola
 76505 | D:10     | Identified the Grimoire of Cankerous Flight
 76509 | D:10     | Identified the Catalogue of the End
 77063 | Vaults:1 | Entered Level 1 of the Vaults
 78034 | Vaults:1 | You fall into a shaft and drop 1 floor!
 79962 | Elf:1    | Reached skill level 10 in Evocations
 81056 | Elf:1    | Reached XP level 19. HP: 62/78 MP: 40/43
 84501 | Elf:1    | Killed Aizul
 85307 | Elf:2    | Found a runed translucent gate.
 85307 | Elf:2    | Found a runed translucent gate.
 85307 | Elf:2    | Found a runed translucent gate.
 85712 | Elf:3    | Entered Level 3 of the Elven Halls
 86253 | Elf:3    | Found Yprys's Antique Armour Shop.
 86256 | Elf:3    | Bought an embroidered cloak for 255 gold pieces
 86281 | Elf:3    | Bought an embroidered scarf for 272 gold pieces
 88120 | Depths:1 | Entered Level 1 of the Depths
 88467 | Depths:1 | Found a magical portal.
 88573 | Depths:1 | Found Qouprapn's Gadget Shop.
 88646 | Depths:1 | Found a gateway to a ziggurat.
 89124 | Depths:1 | Found a gateway to Hell.
 92470 | Depths:2 | Mangled by a spriggan berserker

Illustrated notes

Levels and vault maps discovered:
D:1:      saegor_arrival_fortress, layout_basic, minmay_split_cup_small
D:2:      layout_basic, first_ration, serial_bayou_pond_d,
          nicolae_ru_great_annihilating_truth
D:3:      layout_loops_ring, nicolae_overflow_crystal_walls,
          lemuel_coloured_pillars_altar
D:4:      layout_gridville, grunt_temple_overflow_cloverleaf,
          sigmund_edmund_badplayer
D:5:      layout_gridville, nicolae_overflow_hidden_temple, chequers_garden,
          uniq_grinder
D:6:      kennysheep_steamy, layout_loops_ring, dancing_weapons_uskayaw,
          old_standard_altar, minmay_temple_entry_hall, minmay_fountain_box
D:7:      layout_gridville, lemuel_zombie_altar_yredelemnul
D:8:      layout_basic, serial_shops, shop, enter_ossuary_3,
          nicolae_straight_to_the_point
D:9:      kennysheep_orc_sif_temple, layout_long_grid,
          minmay_orc_entry_guard_dogs, serial_shops, shop_statue,
          blue_anna_alchemist [blue_anna_fruit_fields, blue_anna_fruit_fields]
D:10:     layout_irregular_city, erik_lair_dragon, enter_bailey_3,
          kennysheep_decorative_pillar, minmay_the_grid_2x2
          [minmay_the_grid_aliased_spiral, minmay_the_grid_empty,
          minmay_the_grid_zigzag_pyramid, minmay_the_grid_prize_diamond_cup]
D:11:     layout_loops_cross, serial_rivers, chequers_serial_rivers_small_3,
          chequers_serial_rivers_small_b, chequers_serial_rivers_micro_c,
          chequers_serial_rivers_large_a
D:12:     layout_big_octagon, nicolae_underground_beach
D:13:     layout_basic, david_vaults_5, portal_ice_cave_entry_imps, hex_large,
          xom_shifter_show
D:14:     layout_irregular_city, nicolae_dithmenos_shadow_blocks
D:15:     grunt_enter_depths_giant_problem, layout_rooms, basic_altar,
          nicolae_tso_swordbearing_angel, minmay_unpleasant_kobolds
Temple:   nicolae_temple_x_marks_the_god
Lair:1:   layout_cave_pods
Lair:2:   layout_regular_city
Lair:3:   layout_gridlike, patterned_corridor, uniq_sonja, uniq_snorg
Lair:4:   mu_elephants_graveyard, layout_long_grid, swamp_mist,
          spider_nest_entry_web_field
Lair:5:   cheibrodos_lair_river_kwai, layout_regular_city, gammafunk_ghost_split
Lair:6:   guppyfry_lair_end_dragon, layout_layer_cave,
          hangedman_lair_caniforms_friends, slime_dummy, gauntlet_entry_generic,
          chequers_serial_rivers_room_b, grunt_megastairs_3
Swamp:1:  layout_falls_marsh, ebering_ghost_funeral_grove,
          hangedman_swamp_ruin_wall, swamp_pool1, uniq_nikola
Swamp:2:  layout_falls_marsh, evilmike_swamp_ruin_rubble_2
Swamp:3:  layout_falls_marsh, serial_swamp_ruin, evilmike_swamp_ruin_house_1,
          evilmike_swamp_ruin_house_6, evilmike_swamp_ruin_house_5
Swamp:4:  swamp_fiery, layout_basic_swamp, swamp_pool1, hangedman_swamp_diagram,
          hangedman_swamp_lotus
Spider:1: layout_spider_delve
Spider:2: cheibrodos_forgotten_conduit, gammafunk_ghost_cemetery, uniq_azrael
Spider:3: layout_spider_delve, nicolae_spider_shape
Spider:4: grunt_spider_rune_island, drop_trap, uniq_bai_suzhen, uniq_arachne
Slime:1:  layout_caves
Orc:1:    layout_diamond_mine
Orc:2:    grunt_orc_cross, layout_caves
Elf:1:    layout_gridlike, evilmike_minifort, grunt_ministairs_11, uniq_aizul
Elf:2:    layout_rooms
Elf:3:    minmay_elf_hall_x, layout_loops_cross, serial_shops, shop
Vaults:1: nicolae_vaults_shelves_hall, v_misc_25, v_misc_28,
          vaults_room_semicircle, ontoclasm_vaults_decontamination,
          hangedman_vaults_impose, v_alt_pattern_5, vaults_room_door_ring,
          layout_vaults_omnigrid
Vaults:2: ontoclasm_vaults_chip, hangedman_vaults_snaps, vaults_dpeg_hooks,
          v_pattern_4, nicolae_vaults_circle_grid_a, v_rooms_6,
          nicolae_vaults_circle_grid_a, v_misc_26,
          minmay_crypt_entry_simple_box, vaults_room_grid, v_misc_33,
          vaults_room_grid, vaults_mumra_bighexcomb, nicolae_vaults_rhombus_6,
          layout_vaults_omnibox
Depths:1: layout_roguey, enter_ziggurat_c, mu_enter_wizlab_3,
          chequers_serial_rivers_large_b, serial_shops, shop, hellmouth_1,
          moated_statue, chequers_jeans, minmay_misc_feat_five,
          hangedman_decor_diamond_cutter, minmay_pinched_square
Depths:2: box_level_dp, hell_entry, abyss_entry

Skill      XL: |  1  2  3  4  5  6  7  8  9 10 11 12 13 14 15 16 17 18 19 |
---------------+----------------------------------------------------------+-----
Spellcasting   | 3 4 5 6 8 9 10 11 12 13 14 16 18 19 20 | 20.3
Hexes          | 4 5 6 7 8 10 11 13 14 16 18 19 20 | 20.0
Short Blades   | 2 3 4 5 6 7 8 9 10 | 10.0
Stealth        | 5 6 7 8 10 13 15 16 17 | 17.7
Evocations     | 3 4 7 10 | 10.1
Dodging        | 6 8 10 12 13 | 13.7
Shields        | 1 3 4 5 7 |  7.2
Translocations | 3 6 8 |  8.0
Earth Magic    | 2 3 5 6 7 10 12 | 12.1
Invocations    | 3 5 7 8 10 | 10.0
Ice Magic      | |  0.6

Action                   |  1- 3 |  4- 6 |  7- 9 | 10-12 | 13-15 | 16-18 | 19-21 || total
-------------------------+-------+-------+-------+-------+-------+-------+-------++-------
Melee: Dagger            |   123 |   165 |   405 |   405 |  1111 |   985 |   270 ||  3464
       Rapier            |       |       |       |       |       |   177 |    68 ||   245
 Cast: Corona            |    15 |    20 |    35 |    10 |    51 |   103 |    11 ||   245
       Ensorcelled Hiber |    55 |    38 |    70 |   229 |   349 |   265 |   101 ||  1107
       Confusing Touch   |       |     1 |    29 |    33 |    71 |   114 |    18 ||   266
       Dazzling Flash    |       |       |       |    14 |   133 |   114 |    22 ||   283
       Blink             |       |       |       |    19 |    11 |    55 |     4 ||    89
       Invisibility      |       |       |       |       |    16 |    46 |    17 ||    79
       Passwall          |       |       |       |       |     5 |       |     3 ||     8
       Darkness          |       |       |       |       |     2 |    35 |     5 ||    42
       Lee's Rapid Decon |       |       |       |       |       |    23 |    12 ||    35
       Stone Arrow       |       |       |       |       |       |    12 |    43 ||    55
       Petrify           |       |       |       |       |       |       |    21 ||    21
Invok: Shadow Step       |       |       |       |       |     1 |     2 |     3 ||     6
 Abil: Evoke Flight      |       |       |     5 |       |     6 |     2 |     3 ||    16
       Stop Flying       |       |       |     4 |       |     1 |       |     4 ||     9
Evoke: Wand              |       |       |       |       |     8 |    27 |    10 ||    45
  Use: Scroll            |     1 |     3 |     4 |     7 |     5 |    17 |     5 ||    42
       Potion            |       |     1 |       |     1 |     5 |    20 |     2 ||    29
 Stab: Sleeping          |    31 |    25 |    71 |   143 |   237 |   197 |    60 ||   764
       Paralysed         |       |     1 |       |       |       |       |       ||     1
       Confused          |       |     2 |    28 |    30 |    63 |   104 |    14 ||   241
       Distracted        |       |     1 |       |     1 |     8 |     9 |     6 ||    25
       Invisible         |       |       |       |     4 |   186 |   184 |    84 ||   458
       Held in net/web   |       |       |       |       |       |     1 |       ||     1
  Eat: Ration            |     1 |     3 |     4 |     5 |    16 |    28 |    10 ||    67
Armor: Robe              |    22 |    29 |    38 |    20 |    39 |    30 |     6 ||   184
Dodge: Dodged            |   116 |   113 |   209 |   182 |   576 |   750 |   202 ||  2148
Block: Buckler           |       |    17 |    87 |    91 |   403 |   481 |   108 ||  1187

Table legend:
 A = Non-vault XP
 B = Vault XP
 C = Vault XP percentage of total XP
 D = Non-vault monster count
 E = Vault monster count
 F = Vault count percentage of total count
                 A         B        C        D         E       F
            +---------+---------+-------+---------+---------+-------
      Total |  306579 |  162573 |  34.7 |    1009 |     435 |  30.1
            +---------+---------+-------+---------+---------+-------
        D:1 |      40 |      10 |  20.0 |      25 |       5 |  16.7
        D:2 |      86 |      46 |  34.8 |      17 |       4 |  19.0
        D:3 |     189 |       0 |   0.0 |      31 |       0 |   0.0
        D:4 |     173 |     365 |  67.8 |       9 |       2 |  18.2
        D:5 |     326 |     281 |  46.3 |      11 |       1 |   8.3
        D:6 |     271 |     199 |  42.3 |      11 |       1 |   8.3
        D:7 |    1569 |       4 |   0.3 |      29 |       2 |   6.5
        D:8 |    2536 |       9 |   0.4 |      26 |       3 |  10.3
        D:9 |    4175 |     807 |  16.2 |      47 |       7 |  13.0
       D:10 |    4114 |    2906 |  41.4 |      56 |      16 |  22.2
       D:11 |    4834 |       0 |   0.0 |      34 |       0 |   0.0
       D:12 |    6431 |       0 |   0.0 |      33 |       0 |   0.0
       D:13 |    2671 |    1118 |  29.5 |       7 |      13 |  65.0
       D:14 |   13748 |       0 |   0.0 |      40 |       0 |   0.0
       D:15 |   12729 |    2041 |  13.8 |      30 |       7 |  18.9
     Lair:1 |    3308 |       0 |   0.0 |       9 |       0 |   0.0
     Lair:2 |    2679 |       0 |   0.0 |      12 |       0 |   0.0
     Lair:3 |    8370 |    2192 |  20.8 |      29 |       3 |   9.4
     Lair:4 |    4572 |    7936 |  63.4 |      20 |      15 |  42.9
     Lair:5 |    4366 |    5638 |  56.4 |      20 |      14 |  41.2
     Lair:6 |    5194 |   16976 |  76.6 |      18 |      79 |  81.4
    Swamp:1 |   21084 |    3589 |  14.5 |      47 |       1 |   2.1
    Swamp:2 |    7478 |       0 |   0.0 |      27 |       0 |   0.0
    Swamp:3 |   15589 |    2816 |  15.3 |      37 |       3 |   7.5
    Swamp:4 |   15194 |   10971 |  41.9 |      46 |      18 |  28.1
   Spider:1 |   13639 |    2180 |  13.8 |      32 |       6 |  15.8
   Spider:2 |    6073 |    7106 |  53.9 |      15 |      11 |  42.3
   Spider:3 |   17888 |    9809 |  35.4 |      41 |      10 |  19.6
   Spider:4 |    4320 |   28998 |  87.0 |      13 |      42 |  76.4
    Slime:1 |     265 |       0 |   0.0 |       1 |       0 |   0.0
      Orc:1 |    4348 |    4169 |  48.9 |      35 |       8 |  18.6
      Orc:2 |    3787 |    4227 |  52.7 |      34 |      29 |  46.0
      Elf:1 |   26541 |    7759 |  22.6 |      44 |      14 |  24.1
      Elf:2 |    9701 |    1826 |  15.8 |      21 |       2 |   8.7
      Elf:3 |   13711 |    1523 |  10.0 |      22 |       1 |   4.3
   Vaults:1 |   19569 |    9761 |  33.3 |      24 |      11 |  31.4
   Vaults:2 |       0 |    1251 | 100.0 |       0 |       7 | 100.0
   Depths:1 |   17137 |    4508 |  20.8 |      21 |       8 |  27.6
   Depths:2 |   27874 |    9766 |  25.9 |      35 |      25 |  41.7
    Ossuary |       0 |     453 | 100.0 |       0 |      28 | 100.0
      IceCv |       0 |    9633 | 100.0 |       0 |      35 | 100.0
   Gauntlet |       0 |    1700 | 100.0 |       0 |       4 | 100.0
            +---------+---------+-------+---------+---------+-------
